 Dungeon Crawl Stone Soup version 0.26-a0-707-g31817bcca1 (webtiles) character file.

Game seed: 14415622049994436873

5925 jiml777 the Thaumaturge (level 10, -24/52 HPs)
             Began as a Deep Elf Air Elementalist on Oct 26, 2020.
             Was a Believer of Sif Muna.
             Shot with an arrow by a centaur warrior (30 damage)
             ... on level 9 of the Dungeon on Oct 27, 2020.
             The game lasted 01:32:32 (11749 turns).

jiml777 the Thaumaturge (DEAE)                     Turns: 11749, Time: 01:32:33

Health: -24/52     AC:  8    Str:  5    XL:     10   Next: 53%
Magic:  1/26       EV: 14    Int: 24    God:    Sif Muna [**....]
Gold:   772        SH:  0    Dex: 15    Spells: 2/29 levels left

rFire    + . .     SeeInvis +   u - +10 quarterstaff of the Iron City of Dis {flame, rPois rN+}
rCold    + . .     Faith    .   (shield currently unavailable)
rNeg     + . .     Spirit   .   j - +2 robe {Archmagi}
rPois    +         Reflect  .   (no helmet)
rElec    .         Harm     .   y - scarf {rC+ rF+}
rCorr    .         Rampage  .   n - +2 pair of gloves
MR       +....                  i - +0 pair of boots
Stlth    +++.......             (no amulet)
HPRegen  0.17/turn              e - ring of see invisible
MPRegen  0.20/turn              l - ring of wizardry

@: swift, very quick
A: no striking features
a: Channel Magic, Renounce Religion


You were on level 9 of the Dungeon.
You worshipped Sif Muna.
Sif Muna was pleased with you.
You visited 2 branches of the dungeon, and saw 10 of its levels.

You collected 972 gold pieces.
You spent 200 gold pieces at shops.

Inventory:

Hand Weapons
 a - a +5 mace
 c - a +1 dagger
 u - the +10 quarterstaff of the Iron City of Dis (weapon) {flame, rPois rN+}
   (You found it on level 7 of the Dungeon)

   It has been specially enchanted to burn those struck by it, causing extra
   injury to most foes and up to half again as much damage against particularly
   susceptible opponents.
   It protects you from poison.
   It protects you from negative energy.
Missiles
 m - 7 javelins (quivered)
 p - 55 poisoned darts
Armour
 i - a +0 pair of boots (worn)
 j - a +2 robe of the Archmagi (worn)
 n - a +2 pair of gloves (worn)
 y - a scarf of resistance (worn)
Jewellery
 e - a ring of see invisible (left hand)
 l - a ring of wizardry (right hand)
Wands
 f - a wand of acid (14)
 k - a wand of iceblast (17)
 t - a wand of flame (23)
Scrolls
 b - 3 scrolls of remove curse
 g - 6 scrolls of teleportation
 o - 2 scrolls of enchant weapon
 w - 5 scrolls of identify
Potions
 d - 4 potions of curing
 h - 2 potions of stabbing
 q - a potion of brilliance
 r - 2 potions of mutation
 s - a potion of berserk rage
 x - a potion of might


   Skills:
 - Level 1.0 Fighting
 - Level 3.5 Dodging
 - Level 4.1 Stealth
 + Level 10.4 Spellcasting
 + Level 5.8 Conjurations
 * Level 2.6 Hexes
 * Level 5.0 Translocations
 * Level 2.4 Transmutations
 + Level 7.7 Air Magic
 * Level 1.9 Earth Magic
 * Level 5.1 Poison Magic
 * Level 4.8 Invocations
 * Level 4.3 Evocations


You had 2 spell levels left.
You knew the following spells:

 Your Spells              Type           Power        Failure   Level
a - Shock                 Conj/Air       ####         1%          1
b - Swiftness             Air            ######..     1%          2
c - Static Discharge      Conj/Air       ######..     1%          3
d - Airstrike             Air            ######....   1%          4
e - Mephitic Cloud        Conj/Pois/Air  ######..     1%          3
f - Blink                 Tloc           N/A          1%          2
g - Slow                  Hex            #####...     1%          2
h - Lightning Bolt        Conj/Air       ######....   3%          5
i - Magic Dart            Conj           ####         1%          1
j - Petrify               Tmut/Erth      ####....     9%          4

Your spell library contained the following spells:

 Spells                   Type           Power        Failure   Level
 Call Imp                 Summ           ###.....     3%          2
 Confusing Touch          Hex            #####...     1%          3
 Conjure Flame            Conj/Fire      #####...     1%          3
 Gell's Gravitas          Tloc           ######....   1%          3
 Yara's Violent Unravell  Hex/Tmut       #####.....   19%         5
 Metabolic Englaciation   Hex/Ice        ####......   32%         5


Dungeon Overview and Level Annotations

Branches:
Dungeon (9/15)             Temple (1/1) D:5
   Lair: D:8-11         Orc: D:9-12

Altars:
Ashenzari
Cheibriados
Dithmenos
Elyvilon
Fedhas
Gozag
Hepliaklqana
Kikubaaqudgha
Makhleb
Nemelex Xobeh
Okawaru
Qazlal
Ru
Sif Muna
Trog
Uskayaw
Vehumet
Xom
Yredelemnul
Zin
The Shining One

Shops:
D:4 :


Message History

Confirm with . or Enter, or press ? or * to list all spells.
Aiming: Slow (safe; 1% risk of failure)
Press: ? - help, Shift-Dir - straight line, f/p - centaur warrior
Aim: a centaur warrior, wielding a +2 longbow of freezing, wearing a +0 robe and quivering 10 arrows (heavily wounded, chance to defeat MR: 59%)
Okay, then.
Casting: Slow (safe; 1% risk of failure)
Confirm with . or Enter, or press ? or * to list all spells.
Aiming: Lightning Bolt (dangerous; 3% risk of failure)
Press: ? - help, Shift-Dir - straight line, f/p - centaur warrior
Aim: a centaur warrior, wielding a +2 longbow of freezing, wearing a +0 robe and quivering 10 arrows (heavily wounded)
You feel a surge of power!
You hear a mighty clap of thunder!
The bolt of lightning hits the centaur warrior!
The centaur warrior is severely wounded.
You hear a roar!
You hear a shout!
The centaur warrior shoots an arrow.
The arrow barely misses you.
You hear a horrible gurgling sound!
The centaur warrior shoots an arrow.
The arrow hits you!!
Ouch! That really hurt!
You die...

#....(#..##.#..#..#.
###.################
#.....# #. #.###.#
#. ##..#.# #. #[##.#
## ###..# #[ ###(###
## #..@#.# #.
##..(.# ## #.)..##
#. #.#(.) #. #...#(#
#. ###c### ## ... #:
.#. ## .# #.


You could see a centaur warrior.

Vanquished Creatures
  A rakshasa (D:9)
  An unseen horror (D:9)
  An efreet (D:9)
  Prince Ribbit (D:8)
  A hornet (D:7)
  Grinder (D:6)
  3 wyverns
  Grum (D:8)
  A steam dragon (D:7)
  2 sky beasts
  An orc warrior (D:6)
  3 ice beasts
  3 phantoms
  3 centaurs
  4 ogres
  2 wolves (D:8)
  A big kobold (D:9)
  3 bullfrogs
  2 scorpions
  5 wights (D:6)
  A howler monkey (D:5)
  A centaur zombie (D:8)
  A quasit (D:9)
  An orc priest (D:7)
  3 bullfrog skeletons
  5 hounds
  4 iguanas
  10 worker ants
  A killer bee zombie (D:5)
  A hound zombie (D:7)
  2 hound skeletons
  A worker ant zombie (D:9)
  3 gnolls
  9 adders
  2 shadow imps
  A white imp (D:9)
  An ooze (D:4)
  2 adder zombies
  3 worms
  2 dart slugs (D:1)
  4 leopard geckos
  27 orcs
  7 giant cockroaches
  7 goblins
  6 hobgoblins
  3 jackals (D:9)
  8 kobolds
  7 quokkas
  2 ball pythons
  7 bats
  7 frilled lizards
  2 quokka skeletons (D:4)
  8 rats
189 creatures vanquished.

Vanquished Creatures (others)
  2 wyverns (D:9)
  A bullfrog (D:9)
  A jelly (D:9)
  A howler monkey zombie (D:9)
5 creatures vanquished.

Grand Total: 194 creatures vanquished

Notes
Turn   | Place    | Note
-------+----------+-------------------------------------------
     0 | D:1      | jiml777 the Deep Elf Air Elementalist began the quest for
                  | the Orb.
     0 | D:1      | Reached XP level 1. HP: 10/10 MP: 6/6
   380 | D:1      | Reached XP level 2. HP: 15/15 MP: 6/8
  1332 | D:1      | Reached XP level 3. HP: 19/19 MP: 3/10
  1495 | D:2      | Found a shadowy altar of Dithmenos.
  1555 | D:2      | Found a faded altar of an unknown god.
  1691 | D:2      | Reached skill level 4 in Spellcasting
  2228 | D:2      | Reached XP level 4. HP: 24/24 MP: 9/12
  2739 | D:3      | Learned a level 2 spell: Swiftness
  2743 | D:3      | Learned a level 3 spell: Static Discharge
  2748 | D:3      | Learned a level 4 spell: Airstrike
  3341 | D:3      | Reached skill level 5 in Spellcasting
  3341 | D:3      | Reached XP level 5. HP: 9/28 MP: 5/14
  3738 | D:4      | Noticed an ogre
  3771 | D:4      | Killed an ogre
  3771 | D:4      | Reached XP level 6. HP: 33/33 MP: 10/16
  3818 | D:4      | Found a snail-covered altar of Cheibriados.
  4171 | D:4      | Reached skill level 6 in Spellcasting
  4319 | D:4      | Reached XP level 7. HP: 22/37 MP: 10/18
  4511 | D:4      | Found Bep Suve's Book Shoppe.
  4519 | D:4      | Bought a book of Minor Magic for 200 gold pieces
  4599 | D:4      | Learned a level 3 spell: Mephitic Cloud
  4602 | D:4      | Learned a level 2 spell: Blink
  4955 | D:5      | Entered Level 5 of the Dungeon
  5073 | D:5      | Reached skill level 1 in Poison Magic
  5129 | D:5      | Found a burning altar of Makhleb.
  5133 | D:5      | Found a bloodstained altar of Trog.
  5136 | D:5      | Found a sacrificial altar of Ru.
  5351 | D:5      | Reached skill level 1 in Translocations
  5351 | D:5      | Reached skill level 5 in Air Magic
  5386 | D:5      | Found a staircase to the Ecumenical Temple.
  5395 | D:5      | Reached skill level 7 in Spellcasting
  5402 | Temple   | Entered the Ecumenical Temple
  5509 | Temple   | Became a worshipper of Sif Muna the Loreminder
  5642 | D:5      | Reached skill level 5 in Conjurations
  5642 | D:5      | Reached XP level 8. HP: 42/42 MP: 11/20
  5753 | D:5      | Found a radiant altar of Vehumet.
  6598 | D:6      | Reached skill level 1 in Fighting
  7034 | D:6      | HP: 1/43 [orc warrior/+0 long sword (8)]
  7601 | D:6      | Found a broken altar of Ashenzari.
  7623 | D:6      | Noticed Grinder
  7627 | D:6      | Reached skill level 1 in Invocations
  7627 | D:6      | Reached skill level 1 in Evocations
  7665 | D:6      | Killed Grinder
  7665 | D:6      | Reached skill level 8 in Spellcasting
  7669 | D:6      | Learned a level 2 spell: Slow
  7675 | D:6      | Learned a level 5 spell: Lightning Bolt
  7677 | D:6      | Learned a level 1 spell: Magic Dart
  8129 | D:7      | Got a smouldering quarterstaff
  8129 | D:7      | Identified the +10 quarterstaff of the Iron City of Dis
                  | {flame, rPois rN+} (You found it on level 7 of the Dungeon)
  8171 | D:7      | Reached XP level 9. HP: 23/47 MP: 17/23
  8280 | D:7      | Reached * piety under Sif Muna
  8761 | D:7      | Found a basalt altar of Yredelemnul.
  8761 | D:7      | Found a hazy altar of Hepliaklqana.
  8761 | D:7      | Found a glowing silver altar of Zin.
  8764 | D:7      | Found a white marble altar of Elyvilon.
  9421 | D:8      | Reached skill level 9 in Spellcasting
  9496 | D:8      | Noticed Grum
  9499 | D:8      | Killed Grum
  9874 | D:8      | Noticed Prince Ribbit
  9877 | D:8      | Killed Prince Ribbit
 10042 | D:8      | Learned a level 4 spell: Petrify
 10058 | D:8      | Reached skill level 1 in Transmutations
 10382 | D:9      | Found a sparkling altar of Nemelex Xobeh.
 10432 | D:9      | Found a stormy altar of Qazlal.
 10717 | D:9      | Reached XP level 10. HP: 52/52 MP: 20/25
 10775 | D:9      | Reached ** piety under Sif Muna
 10775 | D:9      | Reached skill level 1 in Hexes
 10843 | D:9      | Noticed an unseen horror
 10847 | D:9      | Killed an unseen horror
 10847 | D:9      | Reached skill level 10 in Spellcasting
 10847 | D:9      | Reached skill level 1 in Earth Magic
 11195 | D:9      | Noticed a rakshasa
 11478 | D:9      | Killed a rakshasa
 11478 | D:9      | Reached skill level 5 in Poison Magic
 11650 | D:9      | Reached skill level 5 in Translocations
 11743 | D:9      | Noticed a centaur warrior
 11749 | D:9      | Shot with an arrow by a centaur warrior

Illustrated notes

Levels and vault maps discovered:
D:1:      dpeg_arrival_brainrot, layout_basic
D:2:      layout_loops_cross, nicolae_overflow_hidden_temple,
          chequers_ecumenical_altar_simple, nicolae_dithmenos_shadow_blocks
D:3:      layout_basic
D:4:      minmay_general_purpose_star, layout_rooms, kennysheep_little_box,
          serial_shops, nicolae_shop_temple_entry_statues_fountains
D:5:      minmay_chambers_of_fours, layout_cave_pods, old_standard_altar,
          grunt_temple_overflow_diamond, minmay_temple_entry_slanted
D:6:      layout_basic, evilmike_ruin_ashenzari, hangedman_abyss_or_decor_slice,
          uniq_grinder
D:7:      layout_rooms, grunt_temple_overflow_open
D:8:      layout_rooms, uniq_prince_ribbit1, uniq_grum
D:9:      minmay_the_grid_square_5x5_4x4
          [minmay_the_grid_square_5x5_half_checkered,
          minmay_the_grid_square_5x5_six, minmay_the_grid_square_5x5_two,
          minmay_the_grid_square_5x5_fat_x, minmay_the_grid_square_5x5_inner_z,
          minmay_the_grid_square_5x5_prize_deathbox,
          minmay_the_grid_square_5x5_prize_junk,
          minmay_the_grid_square_5x5_moneybag,
          minmay_the_grid_square_5x5_checkered_sparse,
          minmay_the_grid_square_5x5_prize_open,
          minmay_the_grid_square_5x5_prize_snowflake,
          minmay_the_grid_square_5x5_z, minmay_the_grid_square_5x5_shrine2,
          minmay_the_grid_square_5x5_mess, minmay_the_grid_square_5x5_longway,
          minmay_the_grid_square_5x5_inset], layout_loops_ring,
          nemelex_xobeh_ov_fountains_minmay, basic_altar, minmay_misc_feat_tiny,
          chequers_serial_rivers_room_b, nicolae_ru_path_of_blood
Temple:   cyrus_temple_forest

Skill      XL: |  1  2  3  4  5  6  7  8  9 10 |
---------------+-------------------------------+-----
Spellcasting   | 4 5 6 7 8 9 10 | 10.4
Conjurations   | 2 3 5 |  5.8
Dodging        | 3 |  3.5
Stealth        | 3 4 |  4.1
Air Magic      | 4 5 6 7 |  7.7
Poison Magic   | 2 3 4 5 |  5.1
Translocations | 1 3 4 5 |  5.0
Fighting       | 1 |  1.0
Invocations    | 1 4 |  4.8
Evocations     | 2 3 4 |  4.3
Transmutations | 1 2 |  2.4
Hexes          | 2 |  2.6
Earth Magic    | 1 |  1.9

Action                   |  1- 3 |  4- 6 |  7- 9 | 10-12 || total
-------------------------+-------+-------+-------+-------++-------
Melee: Dagger            |       |     1 |       |       ||     1
 Cast: Shock             |    81 |   102 |   154 |     7 ||   344
       Airstrike         |       |       |    58 |    29 ||    87
       Swiftness         |       |       |     1 |     2 ||     3
       Magic Dart        |       |       |     1 |     1 ||     2
       Static Discharge  |       |       |     2 |       ||     2
       Lightning Bolt    |       |       |     1 |     6 ||     7
       Blink             |       |       |       |     2 ||     2
Invok: Channel Magic     |       |       |     1 |     1 ||     2
  Use: Scroll            |       |     7 |    12 |     1 ||    20
       Potion            |       |       |     1 |     1 ||     2
 Stab: Sleeping          |       |     1 |       |       ||     1
Armor: Robe              |     3 |    13 |    27 |     1 ||    44
Dodge: Dodged            |    14 |    44 |    59 |     7 ||   124

Table legend: (Time is in decaauts)
 A = Elapsed time spent in this place.
 B = Non-inter-level travel time spent in this place.
 C = Inter-level travel time spent in this place.
 D = Time resting spent in this place.
 E = Time spent auto-exploring this place.
 F = Levels seen in this place.
 G = Mean time per level.
                   A        B        C        D        E       F      G
               +--------+--------+--------+--------+--------+-----+--------+
         Total |  11748 |  11419 |    329 |   4618 |   4205 |  10 | 1174.8 |
       Dungeon |  11601 |  11311 |    290 |   4555 |   4170 |   9 | 1289.0 |
        Temple |    146 |    107 |     39 |     63 |     35 |   1 |  146.0 |
               +--------+--------+--------+--------+--------+-----+--------+

Top non-repeatable levels by time:
     D:5: 1485 daAuts
     D:6: 1442 daAuts
     D:1: 1435 daAuts
     D:4: 1434 daAuts
     D:7: 1274 daAuts
     D:8: 1266 daAuts
     D:3: 1186 daAuts
     D:9: 1162 daAuts
     D:2: 914 daAuts
  Temple: 146 daAuts
